 Dungeon Crawl Stone Soup version 0.28-a0-1616-g050a50673c (webtiles) character file.

Game seed: 10541170617879092872

424 croobank the Vandal (level 7, -17/55 HPs)
             Began as a Formicid Hunter on Jan 22, 2022.
             Demolished by an ogre (24 damage)
             ... on level 5 of the Dungeon.
             The game lasted 00:15:16 (4549 turns).

croobank the Vandal (Formicid Hunter)               Turns: 4549, Time: 00:15:16

Health: -17/55     AC:  6    Str: 16    XL:     7   Next: 17%
Magic:  7/7        EV: 11    Int: 13    God:
Gold:   188        SH:  0    Dex: 11    Spells: 6/6 levels left

rFire   + . .      SeeInvis +   m - +3 falchion
rCold   + . .      Faith    .   (no shield)
rNeg    . . .      Spirit   .   j - +0 ring mail
rPois   .          Reflect  .   (helmet unavailable)
rElec   .          Harm     .   o - scarf {rC+ rF+}
rCorr   .          Rampage  .   (no gloves)
Will    .....                   g - +0 pair of boots
Stlth   ++........              (no amulet)
HPRegen 0.18/turn               (no ring)
MPRegen 0.10/turn               (no ring)

@: no status effects
A: permanent stasis, dig shafts and tunnels, antennae 3, four strong arms
a: Dig, Shaft Self


You were on level 5 of the Dungeon.
You visited 1 branch of the dungeon, and saw 5 of its levels.

You collected 188 gold pieces.

Inventory:

Hand Weapons
 a - a +2 dagger of speed
 b - a +1 hunting sling
 k - a +0 short sword
 m - a +3 falchion (weapon)
 u - a +3 short sword
Missiles
 d - 35 sling bullets
 f - 74 stones
 h - a throwing net
 p - 23 arrows
 v - 2 boomerangs
 w - 6 poisoned darts (quivered)
Armour
 c - a +0 leather armour
 g - a +0 pair of boots (worn)
 j - a +0 ring mail (worn)
 o - a scarf of resistance (worn)
 q - a +0 scale mail
 t - a +0 plate armour
Magical Staves
 i - a staff of poison
Wands
 s - a wand of flame (10)
Potions
 e - a potion of flight {unknown}
 l - a potion of might
 n - a potion of brilliance {unknown}
 r - 2 potions of mutation {unknown}


   Skills:
 + Level 4.3 Fighting
 + Level 5.8 Slings
 + Level 3.5 Dodging
 + Level 4.6 Stealth


You had 6 spell levels left.
You didn't know any spells.
Your spell library contained the following spells:

 Spells                   Type           Power      Damage    Failure   Level
 Inner Flame              Hex/Fire       0%         N/A       87%         3
 Cause Fear               Hex            0%         N/A       99%         4
 Discord                  Hex            0%         N/A       100%        8


Dungeon Overview and Level Annotations

Branches:
Dungeon (5/15)
 Temple: D:4-7

Altars:


Innate Abilities, Weirdness & Mutations

You cannot be hasted, slowed, berserked, paralysed or teleported.
You can dig through walls and to a lower floor.
You have a pair of large antennae on your head. (SInv)
Your four strong arms can wield two-handed weapons with a shield.


Message History

Done exploring.
Done exploring.
(D) Dungeon
Where to? (Enter - D:4, ? - help)
There is an open door here.
There is an open door here.
There is a stone staircase leading down here.
You climb downwards.
You sense a monster nearby.
Found 15 gold pieces.
There is a stone staircase leading up here.
An ogre comes into view. It is wielding a +0 giant spiked club.
The helpless ogre fails to defend itself.
You hit the ogre.
The ogre is moderately wounded.
The ogre barely misses you.
You barely miss the ogre.
The ogre is moderately wounded.
The ogre closely misses you.
You hit the ogre.
The ogre is moderately wounded.
The ogre barely misses you.
You hit the ogre.
The ogre is heavily wounded.
The ogre hits you with a +0 giant spiked club!!
Ouch! That really hurt!
You hit the ogre.
The ogre is heavily wounded.
The ogre misses you.
You slash the ogre!
The ogre is almost dead.
The ogre closely misses you.
You barely miss the ogre.
The ogre is severely wounded.
The ogre hits you with a +0 giant spiked club!!
* * * LOW HITPOINT WARNING * * *
You barely miss the ogre.
The ogre is severely wounded.
The ogre hits you with a +0 giant spiked club!!
You die...

.########
.....$.<#
#######.#
#.######
#.@O...#
#.####..#
###


You could see an ogre.

Vanquished Creatures
  A bullfrog (D:4)
  2 scorpions (D:4)
  An orc priest (D:4)
  A hound (D:4)
  6 adders
  4 gnolls
  An ufetubus (D:4)
  3 worms
  A dart slug (D:1)
  5 orcs
  5 ball pythons
  7 endoplasms
  3 giant cockroaches
  8 goblins
  6 hobgoblins
  2 jackals (D:4)
  3 quokkas
  6 bats
  3 frilled lizards (D:3)
  5 kobolds
  3 rats
76 creatures vanquished.

Notes
Turn   | Place    | Note
-------+----------+-------------------------------------------
     0 | D:1      | croobank the Formicid Hunter began the quest for the Orb.
     0 | D:1      | Reached XP level 1. HP: 16/16 MP: 1/1
   208 | D:1      | Reached XP level 2. HP: 22/22 MP: 2/2
   353 | D:1      | Found a faded altar of an unknown god.
   618 | D:1      | Reached XP level 3. HP: 27/27 MP: 3/3
  1407 | D:2      | Reached XP level 4. HP: 34/34 MP: 4/4
  2029 | D:4      | Noticed a scorpion
  2519 | D:3      | Reached skill level 5 in Slings
  2519 | D:3      | Reached XP level 5. HP: 20/40 MP: 5/5
  2916 | D:4      | Reached XP level 6. HP: 22/47 MP: 6/6
  4127 | D:4      | Reached XP level 7. HP: 54/54 MP: 7/7
  4538 | D:5      | Entered Level 5 of the Dungeon
  4549 | D:5      | Demolished by an ogre

Illustrated notes

Levels and vault maps discovered:
D:1:      mrwooster_arrival_statue_3, layout_basic,
          shapermc_ecumenical_altar_starsandcircs
D:2:      layout_basic
D:3:      layout_basic
D:4:      layout_loops_cross, kennysheep_generic_room_16
D:5:      layout_loops_ring, okawaru_altar_gauntlet_db,
          nicolae_tso_carved_into_rock, uniq_menkaure, uniq_sigmund

Skill      XL: |  1  2  3  4  5  6 |
---------------+-------------------+-----
Dodging        | 2 3 |  3.5
Stealth        | 2 3 4 |  4.6
Fighting       | 3 4 |  4.3
Slings         | 5 |  5.8

Action                   |  1- 3 |  4- 6 |  7- 9 || total
-------------------------+-------+-------+-------++-------
Melee: Dagger            |     3 |    39 |       ||    42
       Falchion          |       |   120 |    20 ||   140
       Punch             |       |     1 |       ||     1
 Fire: Hunting sling     |    79 |     6 |       ||    85
Throw: Stone             |       |     1 |       ||     1
 Abil: Dig               |     3 |     1 |       ||     4
  Use: Scroll            |       |     3 |       ||     3
       Potion            |       |       |     1 ||     1
 Stab: Sleeping          |     1 |       |     1 ||     2
Armor: Leather armour    |    10 |       |       ||    10
       Ring mail         |     4 |    51 |     3 ||    58
Dodge: Dodged            |    17 |   108 |    10 ||   135

Table legend: (Time is in decaauts)
 A = Elapsed time spent in this place.
 B = Non-inter-level travel time spent in this place.
 C = Inter-level travel time spent in this place.
 D = Time resting spent in this place.
 E = Time spent auto-exploring this place.
 F = Levels seen in this place.
 G = Mean time per level.
                   A        B        C        D        E       F      G
               +--------+--------+--------+--------+--------+-----+--------+
         Total |   4572 |   4496 |     76 |   1233 |   2233 |   5 |  914.4 |
       Dungeon |   4572 |   4496 |     76 |   1233 |   2233 |   5 |  914.4 |
               +--------+--------+--------+--------+--------+-----+--------+

Top non-repeatable levels by time:
     D:4: 1915 daAuts
     D:3: 973 daAuts
     D:2: 865 daAuts
     D:1: 805 daAuts
     D:5: 12 daAuts
